 Dungeon Crawl Stone Soup version 0.30-a0-476-g330ca2eb8e (webtiles) character file.

Game seed: 16226802034998705536

10829 NinjaNoafa the Thaumaturge (level 11, -6/86 HPs)
             Began as a Gnoll Warper on Dec 21, 2022.
             Was an Elder of Cheibriados.
             Mangled by a seven-headed hydra (12 damage)
             ... on level 2 of the Lair of Beasts.
             The game lasted 00:27:21 (8987 turns).

NinjaNoafa the Thaumaturge (Gnoll Warper)           Turns: 8987, Time: 00:27:21

Health: -6/86      AC:  9    Str: 20    XL:     11   Next: 68%
Magic:  15/23      EV: 17    Int: 35    God:    Cheibriados [****..]
Gold:   555        SH:  0    Dex: 20    Spells: 3/27 levels left

rFire   + . .      SeeInvis +    v - +12 spear "Puxoissi" {freeze, *Slow rCorr Int+9 SInv}
rCold   + . .      Faith    .    C - +0 buckler
rNeg    . . .      Spirit   .    F - +2 robe {rF+}
rPois   .          Reflect  .    k - +0 helmet
rElec   .          Harm     .    D - +0 cloak
rCorr   +          Rampage  .    t - +0 pair of gloves
Will    .....                    n - +0 pair of boots
Stlth   ++........               h - amulet of magic regeneration
HPRegen 0.34/turn                x - ring of protection from fire
MPRegen 0.58/turn                g - ring of ice

@: confused, ambrosia-drunk, wereblooded, forested, very slow
A: fangs 1, strong nose, distributed training
a: Renounce Religion, Bend Time, Temporal Distortion, Slouch


You were on level 2 of the Lair of Beasts.
You worshipped Cheibriados.
Cheibriados was greatly pleased with you.
You visited 3 branches of the dungeon, and saw 11 of its levels.

You collected 555 gold pieces.

Inventory:

Hand Weapons
 v - the +12 spear "Puxoissi" (weapon) {freeze, *Slow rCorr Int+9 SInv}
   (You found it on level 3 of the Dungeon)

   It freezes those it strikes, dealing additional cold damage.
   It can also slow down cold-blooded creatures.
   Int:       It affects your intelligence (+9).
   SInv:      It lets you see invisible.
   rCorr:     It protects you from acid and corrosion.
   *Slow:     It may slow you when you take damage.
 B - a +4 flail of holy wrath
Missiles
 d - 2 boomerangs of dispersal
 f - 114 stones
 u - 12 boomerangs
 G - 3 silver boomerangs
Armour
 k - a +0 helmet (worn)
 n - a +0 pair of boots (worn)
 t - a +0 pair of gloves (worn)
 C - a +0 buckler (worn)
 D - a +0 cloak (worn)
 F - a +2 robe of fire resistance (worn)
Jewellery
 g - a ring of ice (right hand)
 h - an amulet of magic regeneration (around neck)
 i - a ring of fire
 p - the amulet of Elemental Vulnerability {rPois rF-- rC-- AC+8}
   (You found it on level 7 of the Dungeon)

   [amulet of nothing]

   AC:        It affects your AC (+8).
   rF:        It makes you very vulnerable to fire.
   rC:        It makes you very vulnerable to cold.
   rPois:     It protects you from poison.
 x - a ring of protection from fire (left hand)
Wands
 s - a wand of charming (18)
Scrolls
 a - 2 scrolls of fear
 b - a scroll of vulnerability
 c - a scroll of blinking
 e - 5 scrolls of enchant weapon
 m - 2 scrolls of silence
 q - a scroll of amnesia
 r - 4 scrolls of teleportation
 w - a scroll of poison
 y - 2 scrolls of enchant armour {unknown}
 z - a scroll of magic mapping {unknown}
Potions
 j - a potion of resistance
 l - a potion of brilliance
 o - a potion of ambrosia
 A - 5 potions of attraction


   Skills:
 + Level 8.2 Fighting
 + Level 6.7 Short Blades
 + Level 6.7 Long Blades
 + Level 6.7 Axes
 + Level 8.2 Maces & Flails
 + Level 6.7 Polearms
 + Level 6.7 Staves
 + Level 6.7 Ranged Weapons
 + Level 7.3 Throwing
 + Level 7.3 Armour
 + Level 8.2 Dodging
 + Level 6.7 Stealth
 + Level 6.7 Shields
 + Level 6.7 Unarmed Combat
 + Level 8.5 Spellcasting
 + Level 5.6 Conjurations
 + Level 5.6 Hexes
 + Level 5.6 Summonings
 + Level 5.6 Necromancy
 + Level 7.9 Translocations
 + Level 5.6 Transmutations
 + Level 5.6 Fire Magic
 + Level 5.6 Ice Magic
 + Level 5.6 Air Magic
 + Level 5.6 Earth Magic
 + Level 5.6 Poison Magic
 + Level 7.4 Invocations
 + Level 6.7 Evocations


You had 3 spell levels left.
You knew the following spells:

 Your Spells              Type           Power      Damage    Failure   Level
a - Blink                 Tloc           100%       N/A       1%          2
b - Lesser Beckoning      Tloc           100%       N/A       1%          3
c - Teleport Other        Tloc           63%        N/A       1%          3
d - Vhi's Electric Charg  Tloc/Air       100%       N/A       1%          3
e - Sublimation of Blood  Necr           53%        N/A       1%          2
f - Wereblood             Tmut           53%        N/A       1%          2
g - Manifold Assault      Tloc           63%        N/A       1%          4
h - Summon Forest         Summ/Tloc      29%        N/A       6%          5

Your spell library contained the following spells:

 Spells                   Type           Power      Damage    Failure   Level
 Beastly Appendage        Tmut           100%       N/A       1%          1
 Spider Form              Tmut/Pois      53%        N/A       1%          3
 Leda's Liquefaction      Hex/Erth       26%        N/A       3%          4
 Petrify                  Tmut/Erth      53%        N/A       3%          4
 Irradiate                Conj/Tmut      26%        3d20      10%         5
 Lee's Rapid Deconstruct  Erth           26%        3d14*     10%         5
 Eringya's Noxious Bog    Tmut/Pois      26%        N/A       50%         6
 Statue Form              Tmut/Erth      35%        N/A       50%         6
 Summon Hydra             Summ           26%        N/A       97%         7


Dungeon Overview and Level Annotations

Branches:
Dungeon (8/15)             Temple (1/1) D:5            Lair (2/5) D:8
  Swamp: Lair:2-3    Shoals: Lair:2-3     Snake: Lair:2-3    Spider: Lair:2-3

Altars:
Ashenzari
Cheibriados
Dithmenos
Elyvilon
Fedhas
Gozag
Hepliaklqana
Makhleb
Nemelex Xobeh
Okawaru
Qazlal
Ru
Sif Muna
Uskayaw
Vehumet
Xom
Yredelemnul
Zin
The Shining One

Shops:
D:5 =


Innate Abilities, Weirdness & Mutations

You have very sharp teeth.
Your uncanny sense of smell can sniff out nearby items.
Your experience applies equally to all skills.


Message History

You hit the nameless horror. You freeze the nameless horror.
You bite the nameless horror, but do no damage.
The nameless horror is severely damaged.
The seven-headed hydra barely misses you.
The seven-headed hydra completely misses you.
The seven-headed hydra closely misses you.
The seven-headed hydra bites you!
The seven-headed hydra barely misses you.
You block the seven-headed hydra's attack.
The seven-headed hydra closely misses you.
You block the nameless horror's attack.
You barely miss the nameless horror.
The nameless horror is severely damaged.
The seven-headed hydra bites you.
The seven-headed hydra barely misses you.
The seven-headed hydra bites you but does no damage.
The seven-headed hydra closely misses you.
The seven-headed hydra bites you. The seven-headed hydra bites you!
* * * LOW HITPOINT WARNING * * *
You block the seven-headed hydra's attack.
You are confused.
You feel invigorated. The nameless horror closely misses you.
The seven-headed hydra misses you. The seven-headed hydra bites you!
* * * LOW HITPOINT WARNING * * *
The seven-headed hydra completely misses you.
The seven-headed hydra misses you.
The seven-headed hydra bites you but does no damage.
The seven-headed hydra closely misses you.
The seven-headed hydra barely misses you.
You're too confused to move!
The nameless horror hits you!
* * * LOW HITPOINT WARNING * * *
You feel your power leaking away.
The seven-headed hydra barely misses you.
The seven-headed hydra bites you!
* * * LOW HITPOINT WARNING * * *
The seven-headed hydra barely misses you. x2
The seven-headed hydra misses you.
The seven-headed hydra closely misses you.
The seven-headed hydra bites you!
You die...

#.... #.l.. #.<..
##... #### #.[.
#♣P.♣♣ ##..
#....♣ ###
♣#....#### ∆ #
♣...@....#
##..XD...♣#
♣.........♣♣
#..........## .
♣.†.........# .#.
#♣..........##..#
♣#.........#..#
#.<.........#
##....?.....#


You could see a seven-headed hydra and a nameless horror.

Vanquished Creatures
  Fannar (Lair:1)
  Erica (D:8)
  4 cane toads
  A polar bear (Lair:1)
  Grinder (D:4)
  4 hornets (Lair:1)
  A shadow (D:7)
  Sigmund (D:5)
  11 yaks
  Edmund (D:4)
  Duvessa (D:5)
  9 water moccasins
  4 black bears
  2 ogres
  4 centaurs
  3 wolves (Lair:1)
  4 bullfrogs
  2 gnoll sergeants
  A necrophage (D:6)
  3 scorpions
  14 wights
  Dowan (D:5)
  2 killer bees
  A howler monkey (D:8)
  7 hounds
  Ijyb (D:4)
  7 orc wizards
  7 gnolls
  6 adders
  A shadow imp (D:6)
  2 white imps (D:5)
  A worm (D:4)
  A dart slug (D:5)
  27 orcs
  6 ball pythons
  6 endoplasms
  8 goblins
  10 hobgoblins
  4 jackals (D:2)
  3 quokkas
  4 bats
  4 frilled lizards
  3 kobolds
  5 rats
190 creatures vanquished.

Vanquished Creatures (collateral kills)
  A black mamba (Lair:1)
  A hornet (Lair:1)
  A yak (Lair:1)
  A basilisk (Lair:1)
  A water moccasin (Lair:1)
  An orc warrior (D:7)
  A wight (D:8)
  A killer bee (D:8)
8 creatures vanquished.

Vanquished Creatures (others)
  An orc wizard (D:7)
  24 fungi
  33 plants
58 creatures vanquished.

Grand Total: 256 creatures vanquished

Notes
Turn   | Place    | Note
-------+----------+-------------------------------------------
     0 | D:1      | NinjaNoafa the Gnoll Warper began the quest for the Orb.
     0 | D:1      | Reached XP level 1. HP: 20/20 MP: 6/6
    34 | D:1      | Reached XP level 2. HP: 9/26 MP: 7/7
    41 | D:1      | Learned a level 2 spell: Blink
   291 | D:1      | Found a faded altar of an unknown god.
   614 | D:2      | Reached skill level 5 in Spellcasting
   614 | D:2      | Reached XP level 3. HP: 30/31 MP: 7/9
   776 | D:2      | Reached skill level 1 in Invocations
   782 | D:2      | Learned a level 3 spell: Lesser Beckoning
   786 | D:2      | Learned a level 3 spell: Teleport Other
  1064 | D:2      | Reached skill level 1 in Short Blades
  1064 | D:2      | Reached skill level 1 in Long Blades
  1064 | D:2      | Reached skill level 1 in Axes
  1064 | D:2      | Reached skill level 1 in Polearms
  1064 | D:2      | Reached skill level 1 in Staves
  1064 | D:2      | Reached skill level 1 in Ranged Weapons
  1064 | D:2      | Reached skill level 1 in Stealth
  1064 | D:2      | Reached skill level 1 in Shields
  1064 | D:2      | Reached skill level 1 in Unarmed Combat
  1064 | D:2      | Reached skill level 1 in Evocations
  1376 | D:3      | Found a stormy altar of Qazlal.
  1592 | D:3      | Reached XP level 4. HP: 38/38 MP: 11/11
  1752 | D:3      | Identified the +12 spear "Puxoissi" {freeze, *Slow rCorr
                  | Int+9 SInv}
  1892 | D:3      | Learned a level 3 spell: Vhi's Electric Charge
  1945 | D:4      | Noticed Grinder
  1956 | D:4      | Killed Grinder
  1957 | D:4      | Reached skill level 5 in Fighting
  1957 | D:4      | Reached skill level 5 in Maces & Flails
  1957 | D:4      | Reached skill level 5 in Dodging
  1957 | D:4      | Reached skill level 1 in Conjurations
  1957 | D:4      | Reached skill level 1 in Hexes
  1957 | D:4      | Reached skill level 1 in Summonings
  1957 | D:4      | Reached skill level 1 in Necromancy
  1957 | D:4      | Reached skill level 1 in Transmutations
  1957 | D:4      | Reached skill level 1 in Fire Magic
  1957 | D:4      | Reached skill level 1 in Ice Magic
  1957 | D:4      | Reached skill level 1 in Air Magic
  1957 | D:4      | Reached skill level 1 in Earth Magic
  1957 | D:4      | Reached skill level 1 in Poison Magic
  1957 | D:4      | Reached XP level 5. HP: 32/44 MP: 9/12
  1957 | D:4      | Reached XP level 6. HP: 37/51 MP: 10/14
  2032 | D:4      | Noticed a water moccasin
  2036 | D:4      | Noticed Edmund
  2044 | D:4      | Killed a water moccasin
  2283 | D:4      | Found a hazy altar of Hepliaklqana.
  2315 | D:4      | Noticed Ijyb
  2389 | D:4      | Killed Edmund
  2390 | D:4      | Reached XP level 7. HP: 36/56 MP: 15/15
  2628 | D:4      | Killed Ijyb
  2672 | D:5      | Entered Level 5 of the Dungeon
  2922 | D:5      | Found Japnisse's Jewellery Boutique.
  3027 | D:5      | Noticed Duvessa
  3027 | D:5      | Noticed Dowan
  3031 | D:5      | Killed Dowan
  3127 | D:5      | Learned a level 1 spell: Beastly Appendage
  3145 | D:5      | HP: 1/56 [Duvessa/+0 short sword (11)]
  3148 | D:5      | Killed Duvessa
  3149 | D:5      | Reached XP level 8. HP: 14/63 MP: 14/16
  3318 | D:5      | Found a burning altar of Makhleb.
  3391 | D:5      | Noticed Sigmund
  3403 | D:5      | Killed Sigmund
  3411 | D:5      | Found a hide-covered altar of Uskayaw.
  3763 | D:5      | Found a staircase to the Ecumenical Temple.
  3958 | Temple   | Entered the Ecumenical Temple
  4148 | Temple   | Became a worshipper of Cheibriados the Contemplative
  4282 | D:6      | Found an opulent altar of Gozag.
  4731 | D:6      | Identified the +0 cloak of the Nightingale {Rampage}
  4884 | D:6      | Reached XP level 9. HP: 51/69 MP: 13/18
  4887 | D:6      | Learned a level 2 spell: Wereblood
  4892 | D:6      | Learned a level 4 spell: Manifold Assault
  4991 | D:6      | Reached * piety under Cheibriados
  5343 | D:7      | Reached skill level 5 in Throwing
  5343 | D:7      | Reached skill level 5 in Armour
  5352 | D:7      | Noticed a hornet
  5355 | D:7      | HP: 2/70 [orc warrior/bolt (19)]
  5494 | D:7      | Found the amulet of Elemental Vulnerability {rPois rF--
                  | rC-- AC+8}
  5622 | D:7      | Reached skill level 5 in Invocations
  6025 | D:7      | Found a sparkling altar of Nemelex Xobeh.
  6103 | D:7      | Reached ** piety under Cheibriados
  6349 | D:8      | Reached skill level 5 in Short Blades
  6349 | D:8      | Reached skill level 5 in Long Blades
  6349 | D:8      | Reached skill level 5 in Axes
  6349 | D:8      | Reached skill level 5 in Polearms
  6349 | D:8      | Reached skill level 5 in Staves
  6349 | D:8      | Reached skill level 5 in Ranged Weapons
  6349 | D:8      | Reached skill level 5 in Stealth
  6349 | D:8      | Reached skill level 5 in Shields
  6349 | D:8      | Reached skill level 5 in Unarmed Combat
  6349 | D:8      | Reached skill level 5 in Evocations
  6351 | D:8      | Reached XP level 10. HP: 65/77 MP: 3/20
  6362 | D:8      | Found a staircase to the Lair.
  6676 | D:8      | Reached *** piety under Cheibriados
  6827 | D:8      | Noticed Erica
  6836 | D:8      | Killed Erica
  7009 | D:7      | Learned a level 5 spell: Summon Forest
  7433 | Lair:1   | Entered Level 1 of the Lair of Beasts
  7518 | Lair:1   | Noticed a cane toad
  7522 | Lair:1   | You fall into a shaft and drop 1 floor!
  7522 | Lair:2   | Noticed a seven-headed hydra
  7707 | Lair:1   | Reached skill level 5 in Conjurations
  7707 | Lair:1   | Reached skill level 5 in Hexes
  7707 | Lair:1   | Reached skill level 5 in Summonings
  7707 | Lair:1   | Reached skill level 5 in Necromancy
  7707 | Lair:1   | Reached skill level 5 in Transmutations
  7707 | Lair:1   | Reached skill level 5 in Fire Magic
  7707 | Lair:1   | Reached skill level 5 in Ice Magic
  7707 | Lair:1   | Reached skill level 5 in Air Magic
  7707 | Lair:1   | Reached skill level 5 in Earth Magic
  7707 | Lair:1   | Reached skill level 5 in Poison Magic
  7707 | Lair:1   | Reached XP level 11. HP: 85/85 MP: 20/22
  7864 | Lair:1   | Reached **** piety under Cheibriados
  7868 | Lair:1   | Noticed Fannar
  8156 | Lair:1   | Killed Fannar
  8521 | Lair:1   | Learned a level 2 spell: Sublimation of Blood
  8987 | Lair:2   | Mangled by a seven-headed hydra

Illustrated notes

Levels and vault maps discovered:
D:1:      lightli_arrival_chessboard, layout_rooms,
          hellmonk_ecumenical_altar_lost_god
D:2:      layout_rooms, minivault_26
D:3:      corexii_shack_village, layout_basic, grunt_qazlal_clouds
D:4:      layout_gridville, mainiacjoe_overflow_catwalk, bh_walls_and_bars,
          uniq_edmund, uniq_ijyb, uniq_grinder
D:5:      layout_basic, mainiacjoe_overflow_concentric_impassable,
          mainiacjoe_overflow_chevrons, minmay_temple_entry_hall, serial_shops,
          nicolae_shop_hallway_plus, uniq_duvessa, uniq_sigmund
D:6:      layout_loops_ring, nicolae_gozag_seed_capital
D:7:      layout_basic, nemelex_diamond_rough_becter
D:8:      layout_rooms, due_lair_maze_entry_diamond, uniq_erica
Temple:   nicolae_temple_figure_eight
Lair:1:   layout_regular_city, chequers_serial_rivers_micro_d,
          dreamdust_wasp_nest, uniq_fannar
Lair:2:   layout_cave_pods, ebering_ghost_xom, dreamdust_mushroom_princess,
          beast_lair_carwin_5, uniq_prince_ribbit2

Skill      XL: |  1  2  3  4  5  6  7  8  9 10 11 |
---------------+----------------------------------+-----
Spellcasting   | 5 6 7 8 |  8.5
Invocations    | 1 2 3 4 5 6 7 |  7.4
Short Blades   | 1 2 3 5 6 |  6.7
Long Blades    | 1 2 3 5 6 |  6.7
Axes           | 1 2 3 5 6 |  6.7
Polearms       | 1 2 3 5 6 |  6.7
Staves         | 1 2 3 5 6 |  6.7
Ranged Weapons | 1 2 3 5 6 |  6.7
Stealth        | 1 2 3 5 6 |  6.7
Shields        | 1 2 3 5 6 |  6.7
Unarmed Combat | 1 2 3 5 6 |  6.7
Evocations     | 1 2 3 5 6 |  6.7
Fighting       | 5 6 7 8 |  8.2
Maces & Flails | 5 6 7 8 |  8.2
Throwing       | 3 4 5 6 7 |  7.3
Armour         | 3 4 5 6 7 |  7.3
Dodging        | 5 6 7 8 |  8.2
Conjurations   | 1 2 3 4 5 |  5.6
Hexes          | 1 2 3 4 5 |  5.6
Summonings     | 1 2 3 4 5 |  5.6
Necromancy     | 1 2 3 4 5 |  5.6
Transmutations | 1 2 3 4 5 |  5.6
Fire Magic     | 1 2 3 4 5 |  5.6
Ice Magic      | 1 2 3 4 5 |  5.6
Air Magic      | 1 2 3 4 5 |  5.6
Earth Magic    | 1 2 3 4 5 |  5.6
Poison Magic   | 1 2 3 4 5 |  5.6
Translocations | 6 7 |  7.9

Action                   |  1- 3 |  4- 6 |  7- 9 | 10-12 || total
-------------------------+-------+-------+-------+-------++-------
Melee: Mace              |   116 |       |       |       ||   116
       Bite              |    11 |     4 |    13 |     6 ||    34
       Punch             |     1 |       |     2 |     1 ||     4
       Dire flail        |     9 |    17 |       |       ||    26
       Flail             |     5 |       |       |       ||     5
       Spear             |       |    29 |   203 |   216 ||   448
       Kick              |       |       |    14 |     3 ||    17
       Headbutt          |       |       |     7 |     3 ||    10
Throw: Boomerang         |     2 |     3 |    22 |       ||    27
 Cast: Blink             |     3 |     1 |    13 |     4 ||    21
       Lesser Beckoning  |     6 |     1 |     2 |       ||     9
       Teleport Other    |     1 |     3 |     2 |     5 ||    11
       Vhi's Electric Ch |       |     7 |    39 |    20 ||    66
       Beastly Appendage |       |       |     8 |     3 ||    11
       Manifold Assault  |       |       |    20 |    34 ||    54
       Wereblood         |       |       |     6 |     6 ||    12
       Summon Forest     |       |       |       |     9 ||     9
 Abil: End Transformatio |       |       |     1 |       ||     1
Evoke: Wand              |       |       |     1 |       ||     1
  Use: Potion            |       |     1 |     8 |     4 ||    13
       Scroll            |       |       |    13 |     7 ||    20
 Stab: Sleeping          |     1 |       |       |       ||     1
Armor: Leather armour    |    49 |     8 |    58 |     6 ||   121
       Robe              |       |       |       |    34 ||    34
       Skin              |       |       |       |    24 ||    24
Dodge: Dodged            |   100 |    26 |   166 |   157 ||   449
Block: Buckler           |       |       |       |    32 ||    32

Table legend: (Time is in decaauts)
 A = Elapsed time spent in this place.
 B = Non-inter-level travel time spent in this place.
 C = Inter-level travel time spent in this place.
 D = Time resting spent in this place.
 E = Time spent auto-exploring this place.
 F = Levels seen in this place.
 G = Mean time per level.
                   A        B        C        D        E       F      G
               +--------+--------+--------+--------+--------+-----+--------+
         Total |  10454 |   9547 |    907 |      0 |   7766 |  11 |  950.4 |
       Dungeon |   8119 |   7328 |    791 |      0 |   5829 |   8 | 1014.9 |
        Temple |    214 |    191 |     23 |      0 |    187 |   1 |  214.0 |
          Lair |   2121 |   2028 |     93 |      0 |   1750 |   2 | 1060.5 |
               +--------+--------+--------+--------+--------+-----+--------+

Top non-repeatable levels by time:
  Lair:1: 2083 daAuts
     D:7: 1795 daAuts
     D:5: 1366 daAuts
     D:6: 1180 daAuts
     D:8: 1042 daAuts
     D:3: 925 daAuts
     D:2: 622 daAuts
     D:1: 595 daAuts
     D:4: 591 daAuts
  Temple: 214 daAuts
  Lair:2: 37 daAuts
